Map: Backwater LE

Players

Dear

  • Race: Protoss Protoss
  • Spawn Location: 11:00

Classic - Winner!

  • Race: Protoss Protoss
  • Spawn Location: 5:00

Event: IEM Season 12 - Katowice

VOD

Have the link to the VOD?

Description

Time

  • Played on: March 3, 2018, 1:45 p.m.
  • Length: 10:47

All games in this series

Show
View Real Time Build Order
Export as new Build Order

Dear Protoss 

Build Orders: Blink Stalkers 

Get SALT Encoding   

  12  0:00  Probe  
  13  0:12  Probe  
  14  0:16  Pylon  
  14  0:24  Probe (Chrono Boost)  
  15  0:36  Probe (Chrono Boost)  
  15  0:37  Gateway  
  16  0:44  Probe (Chrono Boost)  
  16  0:47  Assimilator  
  17  0:51  Probe (Chrono Boost)  
  17  0:55  Assimilator  
  18  1:04  Probe (Chrono Boost)  
  19  1:07  Gateway  
  19  1:12  Probe (Chrono Boost)  
  19  1:18  Probe  
  20  1:25  Cybernetics Core  
  21  1:30  Probe  
  22  1:35  Pylon  
  22  1:42  Probe  
  23  1:54  Probe  
  24  2:04  Warp Gate, Stalker x2  
  28  2:10  Pylon  
  28  2:26  Twilight Council  
  28  2:34  Stalker  
  28  2:35  Stalker  
  31  2:57  Blink (Chrono Boost)  
  31  3:11  Nexus  
  31  3:23  Stalker  
  31  3:27  Stalker  
  35  3:35  Pylon  
  35  3:47  Robotics Facility  
  35  3:50  Probe  
  36  4:03  Probe  
  36  4:09  Stalker x2  
  35  4:20  Probe (Chrono Boost)  
  35  4:28  Probe (Chrono Boost)  
  37  4:31  Probe (Chrono Boost)  
  37  4:36  Probe (Chrono Boost), Observer  
  39  4:39  Probe (Chrono Boost)  
  39  4:41  Probe (Chrono Boost)  
  41  4:49  Probe  
  41  4:52  Probe  
  43  5:02  Probe (Chrono Boost)  
  43  5:04  Probe (Chrono Boost)  
  46  5:17  Probe (Chrono Boost)  
  46  5:19  Probe (Chrono Boost)  
  47  5:22  Probe (Chrono Boost)  
  47  5:26  Nexus, Observer  
  47  5:28  Probe (Chrono Boost)  
  50  5:31  Probe (Chrono Boost), Sentry x2  
  55  5:41  Probe (Chrono Boost)  
  55  5:42  Probe (Chrono Boost), Pylon  
  57  5:46  Probe (Chrono Boost)  
  57  5:49  Forge  
  59  5:50  Probe  
  59  5:57  Probe  
  59  5:58  Assimilator  
  59  6:02  Probe, Assimilator  
  61  6:09  Probe (Chrono Boost)  
  62  6:17  Pylon, Charge  
  63  6:18  Warp Prism  
  63  6:19  Probe (Chrono Boost)  
  63  6:21  Probe (Chrono Boost)  
  63  6:22  Protoss Ground Weapons Level 1  
  62  6:26  Probe (Chrono Boost)  
  62  6:28  Probe (Chrono Boost)  
  64  6:35  Probe (Chrono Boost)  
  67  6:40  Probe (Chrono Boost)  
  67  6:44  Probe (Chrono Boost)  
  67  6:46  Probe (Chrono Boost)  
  69  6:47  Probe (Chrono Boost)  
  69  6:51  Probe x2 (Chrono Boost)  
  69  6:53  Probe (Chrono Boost)  
  71  6:57  Adept x2  
  76  7:02  Probe x2  
  76  7:05  Probe  
  79  7:14  Assimilator  
  81  7:16  Assimilator  
  81  7:17  Probe (Chrono Boost)  
  81  7:18  Probe x2 (Chrono Boost)  
  82  7:23  Pylon  
  82  7:27  Probe (Chrono Boost)  
  82  7:29  Probe x2 (Chrono Boost)  
  85  7:31  Probe (Chrono Boost)  
  85  7:32  Gateway x2  
  85  7:35  Pylon, Templar Archives  
  86  7:38  Probe x2  
  86  7:41  Immortal  
  86  7:43  Probe (Chrono Boost)  
  95  7:55  Probe x3 (Chrono Boost)  
  95  7:56  Pylon  
  96  8:03  Probe (Chrono Boost)  
  96  8:05  Probe x2 (Chrono Boost)  
  99  8:07  Protoss Ground Weapons Level 2 (Chrono Boost)  
  99  8:11  Gateway  
  99  8:13  Gateway  
  99  8:14  Gateway  
  99  8:15  Gateway  
  99  8:16  Gateway  
  99  8:19  Gateway  
  99  8:23  High Templar x2  
  98  8:30  Probe x3  
  99  8:42  Probe x2, Nexus  
  99  8:45  Probe  
  102  8:51  Pylon  
  102  8:54  Probe  
  102  8:55  Probe, Pylon  
  104  8:57  Probe  
  104  8:58  Photon Cannon  
  104  9:01  High Templar x3  
  104  9:02  High Templar  
  113  9:05  Archon  
  113  9:06  Archon  
  113  9:07  Pylon  
  113  9:17  High Templar x4  
  113  9:18  High Templar x2  
  113  9:22  Probe x2  
  113  9:23  Probe  
  125  9:24  Archon x3  
  125  9:32  Pylon  
  125  9:34  Pylon  
  125  9:38  High Templar x2  
  127  9:39  Zealot x2  
  127  9:42  Pylon, Archon  
  127  9:43  Pylon  
  127  9:44  Pylon  
  133  9:49  Zealot  
  133  9:52  Zealot x4  
  128  9:53  Zealot  
  115  10:03  Archon  
  115  10:04  Zealot x2  
  95  10:12  Stalker x3  
  89  10:14  Zealot x5  
  89  10:27  Zealot x2  
  68  10:29  Zealot x2  
  60  10:36  Zealot x5  
  60  10:42  Zealot x2  
Show
View Real Time Build Order
Export as new Build Order

Classic Protoss - Winner!

Build Orders: Oracle Opening, Archon Immortal 

Get SALT Encoding   

  12  0:00  Probe  
  13  0:12  Probe  
  14  0:17  Pylon  
  14  0:24  Probe  
  15  0:36  Gateway  
  15  0:37  Probe (Chrono Boost)  
  16  0:46  Probe (Chrono Boost)  
  16  0:47  Assimilator  
  17  0:51  Probe (Chrono Boost)  
  17  0:54  Assimilator  
  18  1:03  Probe (Chrono Boost)  
  19  1:11  Probe (Chrono Boost)  
  20  1:14  Gateway  
  20  1:17  Probe  
  20  1:24  Cybernetics Core  
  21  1:29  Probe  
  22  1:35  Pylon  
  22  1:41  Probe  
  23  1:53  Probe  
  18  2:01  Stalker x2  
  24  2:02  Warp Gate  
  28  2:12  Pylon  
  28  2:24  Stargate  
  28  2:31  Stalker  
  28  2:36  Stalker  
  32  3:04  Nexus  
  32  3:08  Oracle (Chrono Boost)  
  35  3:22  Pylon  
  36  3:30  Shield Battery  
  35  3:35  Oracle (Chrono Boost)  
  35  3:39  Probe  
  39  3:51  Probe  
  39  3:53  Robotics Facility  
  39  4:12  Stalker  
  39  4:13  Stalker  
  43  4:23  Probe x2  
  42  4:32  Shield Battery  
  42  4:35  Probe x2  
  44  4:39  Immortal (Chrono Boost)  
  48  4:46  Sentry  
  48  4:48  Zealot  
  48  4:51  Probe  
  53  4:53  Probe  
  53  4:59  Pylon  
  54  5:05  Probe x2  
  56  5:11  Observer (Chrono Boost)  
  57  5:16  Forge  
  57  5:17  Probe x2  
  59  5:25  Immortal (Chrono Boost)  
  63  5:29  Probe  
  63  5:33  Probe, Pylon  
  65  5:40  Assimilator x2  
  65  5:43  Probe  
  65  5:45  Probe  
  65  5:48  Sentry  
  69  5:54  Protoss Ground Weapons Level 1  
  69  5:56  Probe  
  70  5:57  Probe  
  71  6:08  Pylon  
  71  6:09  Probe x2  
  73  6:18  Nexus  
  73  6:21  Probe x2  
  75  6:29  Oracle (Chrono Boost)  
  78  6:33  Probe x2  
  78  6:37  Pylon  
  80  6:40  Immortal  
  84  6:49  Twilight Council  
  84  6:53  Probe x2  
  86  6:55  Observer  
  86  7:05  Gateway  
  86  7:07  Probe x2  
  86  7:08  Gateway  
  88  7:12  Gateway x2  
  88  7:19  Observer  
  88  7:22  Probe x2  
  91  7:31  Photon Cannon  
  91  7:34  Gateway  
  91  7:35  Protoss Ground Weapons Level 2 (Chrono Boost)  
  91  7:39  Gateway  
  91  7:41  Immortal  
  91  7:42  Phoenix (Chrono Boost)  
  97  7:46  Zealot  
  97  7:50  Charge  
  97  8:02  Probe  
  97  8:03  Probe  
  97  8:04  Probe, Templar Archives  
  100  8:10  Pylon  
  100  8:14  Probe  
  100  8:15  Probe  
  100  8:16  Probe, Assimilator  
  100  8:19  Warp Prism (Chrono Boost)  
  103  8:20  Assimilator  
  105  8:35  Probe x3  
  105  8:37  Pylon  
  105  8:39  Pylon  
  108  8:48  Gateway  
  108  8:51  High Templar x4, Gateway  
  108  8:55  Pylon x2  
  116  8:56  Archon  
  116  8:57  Zealot x3, Archon  
  116  9:00  Zealot  
  121  9:21  Photon Cannon  
  121  9:32  High Templar x4  
  121  9:33  Zealot x2  
  121  9:34  Zealot x2  
  121  9:38  Archon x2  
  137  9:44  Pylon  
  137  9:46  Pylon  
  125  9:55  Zealot x6  
  125  10:05  Zealot x4  
  111  10:12  Observer  
  110  10:16  Zealot x6  
  102  10:30  Zealot x4  
  103  10:36  Zealot x4  

Tags
 
Add a new tag
Caveats
  • Supply blocks, unpowered buildings, or Contaminate may cause inaccurate times.
  • Supply counts are checked every 10 seconds.